 Dungeon Crawl Stone Soup version 0.29.0-4-gdea44cf6ec (webtiles) character file.

Game seed: 7683204486337711278

158 qw the Chopper (level 5, 0/30 HPs)
             Began as a Tengu Warper on Aug 28, 2022.
             Slain by a gnoll
             ... wielding a +0 flail
              (1 damage)
             ... on level 4 of the Dungeon.
             The game lasted 00:01:00 (2682 turns).

qw the Chopper (Tengu Warper)                       Turns: 2682, Time: 00:01:01

Health: 0/30       AC: 10    Str: 17    XL:     5   Next: 39%
Magic:  9/9        EV:  8    Int: 11    God:
Gold:   82         SH:  0    Dex: 12    Spells: 8/8 levels left

rFire   . . .      SeeInvis .   Y - +1 hand axe
rCold   . . .      Faith    .   (no shield)
rNeg    . . .      Spirit   .   b - +0 chain mail
rPois   .          Reflect  .   (helmet restricted)
rElec   .          Harm     .   (no cloak)
rCorr   .          Rampage  .   c - +0 pair of gloves
Will    .....                   (boots unavailable)
Stlth   ..........              (no amulet)
HPRegen 0.10/turn               (no ring)
MPRegen 0.11/turn               (no ring)

@: flying quickly and evasively, quick
A: beak, talons 3, nimble flight, dopey 1, shaggy fur 1, strong 1
a: no special abilities


You were on level 4 of the Dungeon.
You visited 2 branches of the dungeon, and saw 6 of its levels.

You collected 82 gold pieces.


Innate Abilities, Weirdness & Mutations

You have a beak for a mouth.
You have claws for feet.
Your magical nature lets you fly swiftly and evasively.
You are dopey. (Int -2)
You are covered in fur. (AC +1)
Your muscles are strong. (Str +4, Int/Dex -1)


   Skills:
 - Level 2.0 Fighting
 - Level 6.0 Axes
 - Level 1.0 Throwing
 + Level 1.1 Armour
 - Level 2.1 Dodging
 - Level 2.0 Spellcasting
 - Level 2.4 Translocations


You had 8 spell levels left.
You didn't know any spells.
Your spell library contained the following spells:

 Spells                   Type           Power      Damage    Failure   Level
 Blink                    Tloc           12%        N/A       96%         2
 Gell's Gravitas          Tloc           6%         N/A       99%         3
 Lesser Beckoning         Tloc           6%         N/A       99%         3
 Teleport Other           Tloc           6%         N/A       99%         3
 Manifold Assault         Tloc           6%         N/A       100%        5

Inventory:

Hand Weapons
 l - a +0 mace
 Y - a +1 hand axe (weapon)
Armour
 b - a +0 chain mail (worn)
 c - a +0 pair of gloves (worn)
Scrolls
 a - a scroll of identify
Potions
 d - a potion of might {unknown}
 e - a potion of brilliance {unknown}
 f - a potion of mutation
 g - a potion of ambrosia {unknown}
 i - 3 potions of curing

Dungeon Overview and Level Annotations

Branches:
Dungeon (5/15)             Temple (1/1) D:5

Altars:
Elyvilon
Gozag
Hepliaklqana
Nemelex Xobeh
Ru
Vehumet
Wu Jian
Xom
Yredelemnul
Zin


Message History

The gnoll barely misses you.
You completely miss the gnoll. You claw the gnoll. Your peck misses the gnoll.
The gnoll is severely wounded.
You hit the gnoll. The gnoll barely misses you.
The gnoll hits you with a +0 club.
You barely miss the gnoll. You claw the gnoll, but do no damage.
Your peck misses the gnoll.
The gnoll is severely wounded.
You hit the gnoll but do no damage. x2
The gnoll barely misses you. x2; The gnoll hits you with a +0 club.
You barely miss the gnoll. You peck the gnoll, but do no damage.
The gnoll is severely wounded.
You hit the gnoll but do no damage. You hit the gnoll.
The gnoll hits you but does no damage. The gnoll hits you with a +0 flail.
The gnoll hits you but does no damage.
You closely miss the gnoll. Your kick misses the gnoll.
The gnoll is severely wounded.
You hit the gnoll but do no damage. x2
The gnoll hits you with a +0 flail. The gnoll barely misses you.
The gnoll hits you but does no damage.
You hit the gnoll.
The gnoll is almost dead.
You hit the gnoll. x2
You kill the gnoll!
The gnoll hits you but does no damage. The gnoll hits you with a +0 club.
You hit the gnoll but do no damage.
The gnoll is almost dead.
You hit the gnoll but do no damage. The gnoll hits you but does no damage.
The gnoll hits you with a +0 club.
You slash the gnoll!
You kill the gnoll!
You hit the gnoll but do no damage. You hit the dart slug.
The gnoll hits you but does no damage.
The dart slug bites you but does no damage.
Your Axes skill increases to level 6!
You hit the gnoll. Your peck misses the gnoll.
The gnoll is almost dead.
You hit the dart slug. The gnoll hits you with a +0 flail.
You die...

### ..#######
...####.......#
?.....(........
#@g......
#)w......
.........
.##....... ..
......# .#
....... #.
....... #
.......


You could see a gnoll and a dart slug.

Vanquished Creatures
  Terence (D:2)
  3 gnolls (D:4)
  4 adders
  4 worms (D:2)
  8 ball pythons
  7 bats
  4 endoplasms (D:2)
  3 giant cockroaches
  4 goblins
  4 hobgoblins
  4 jackals (D:1)
  5 kobolds
  3 quokkas
  A frilled lizard (D:2)
  A rat (D:1)
56 creatures vanquished.

Vanquished Creatures (others)
  7 plants (D:5)
7 creatures vanquished.

Grand Total: 63 creatures vanquished

Notes
Turn   | Place    | Note
-------+----------+-------------------------------------------
     0 | D:1      | qw the Tengu Warper began the quest for the Orb.
     0 | D:1      | Reached XP level 1. HP: 12/12 MP: 4/4
     0 | D:1      | 0 ||| qw: Version: 0.1-a-89-g26bdef1
     0 | D:1      | 0 ||| qw: Game counter: 3424
     0 | D:1      | 0 ||| qw: Always use a shield: true
     0 | D:1      | 0 ||| qw: God list: Okawaru
     0 | D:1      | 0 ||| qw: Allow faded altars: false
     0 | D:1      | 0 ||| qw: Do Orc after D:15 true
     0 | D:1      | 0 ||| qw: Do second Lair branch before Depths: true
     0 | D:1      | 0 ||| qw: Lair rune preference: random
     0 | D:1      | 0 ||| qw: Plans: Normal
     0 | D:1      | 0 ||| PLANNING D:1-11
   200 | D:1      | Reached XP level 2. HP: 15/17 MP: 6/6
   265 | D:1      | Reached skill level 3 in Axes
   355 | D:1      | 355 ||| Stepping ~*~*~tactically~*~*~ (stealth).
   356 | D:1      | 356 ||| Stepping ~*~*~tactically~*~*~ (stealth).
   358 | D:1      | 358 ||| Stepping ~*~*~tactically~*~*~ (stealth).
   945 | D:1      | Reached XP level 3. HP: 21/21 MP: 7/7
   945 | D:1      | 945 ||| DROPPING +0 club.
  1076 | D:1      | 1076 ||| UPGRADING to +0 ring mail.
  1086 | D:1      | 1086 ||| DROPPING +0 leather armour.
  1087 | D:1      | 1087 ||| READING scroll labelled VADUIXT BOMIQ.
  1088 | D:1      | 1088 ||| READING 2 scrolls labelled TOOC DEIPOCO.
  1089 | D:1      | 1089 ||| READING scroll labelled USOIME RAUXT.
  1090 | D:1      | 1090 ||| DRINKING 2 bubbling dark potions.
  1091 | D:1      | 1091 ||| DROPPING scroll of blinking.
  1092 | D:1      | 1092 ||| DROPPING scroll of fog.
  1119 | D:2      | 1119 ||| STAIRDANCE
  1124 | D:1      | Reached skill level 4 in Axes
  1130 | D:2      | 1130 ||| STAIRDANCE
  1190 | D:2      | 1190 ||| Stepping ~*~*~tactically~*~*~ (stealth).
  1192 | D:2      | 1192 ||| Stepping ~*~*~tactically~*~*~ (stealth).
  1220 | D:2      | 1220 ||| FLEEEEING.
  1221 | D:2      | 1221 ||| STAIRDANCE
  1345 | D:2      | Reached XP level 4. HP: 25/26 MP: 8/8
  1387 | D:2      | Noticed Terence
  1396 | D:2      | Killed Terence
  1397 | D:2      | Reached skill level 5 in Axes
  1548 | D:2      | 1548 ||| FLEEEEING.
  1549 | D:2      | 1549 ||| FLEEEEING.
  1550 | D:2      | 1550 ||| FLEEEEING.
  1808 | D:2      | 1808 ||| Stepping ~*~*~tactically~*~*~ (stealth).
  1809 | D:2      | 1809 ||| Stepping ~*~*~tactically~*~*~ (stealth).
  1982 | D:2      | Found a faded altar of an unknown god.
  2148 | D:2      | 2148 ||| FLEEEEING.
  2149 | D:2      | 2149 ||| FLEEEEING.
  2150 | D:2      | 2150 ||| FLEEEEING.
  2151 | D:2      | 2151 ||| FLEEEEING.
  2162 | D:2      | 2162 ||| FLEEEEING.
  2303 | D:2      | 2303 ||| UPGRADING to +0 chain mail.
  2313 | D:2      | 2313 ||| UPGRADING to +0 pair of gloves.
  2318 | D:2      | 2318 ||| DROPPING +0 ring mail.
  2319 | D:2      | 2319 ||| DROPPING amulet of magic regeneration.
  2320 | D:2      | 2320 ||| READING 2 scrolls labelled BUSEATHR ZUNYUS.
  2321 | D:2      | 2321 ||| READING scroll labelled ZETHARA KOWK.
  2322 | D:2      | 2322 ||| DRINKING 3 fuming blue potions.
  2322 | D:2      | Gained mutation: You are strong-willed. (Will+) [potion of
                  | mutation]
  2322 | D:2      | Gained mutation: Armour fits poorly on your strangely
                  | shaped body. [potion of mutation]
  2322 | D:2      | Gained mutation: Your body sometimes deteriorates upon
                  | taking damage. [potion of mutation]
  2323 | D:2      | 2323 ||| DRINKING 2 potions of mutation.
  2323 | D:2      | Lost mutation: Armour fits poorly on your strangely shaped
                  | body. [potion of mutation]
  2323 | D:2      | Lost mutation: Your body sometimes deteriorates upon taking
                  | damage. [potion of mutation]
  2323 | D:2      | Lost mutation: You are strong-willed. (Will+) [potion of
                  | mutation]
  2323 | D:2      | Gained mutation: Your muscles are strong. (Str +4, Int/Dex
                  | -1) [potion of mutation]
  2323 | D:2      | Gained mutation: You are dopey. (Int -2) [potion of
                  | mutation]
  2323 | D:2      | Gained mutation: You are covered in fur. (AC +1) [potion of
                  | mutation]
  2440 | D:3      | Gained mutation: Your magical nature lets you fly swiftly
                  | and evasively. [Tengu growth]
  2440 | D:3      | Reached XP level 5. HP: 30/30 MP: 9/9
  2440 | D:3      | You are sucked into a shaft and drop 2 floors!
  2440 | D:5      | Entered Level 5 of the Dungeon
  2492 | D:5      | Found a staircase to the Ecumenical Temple.
  2493 | D:5      | 2493 ||| PLANNING TEMPLE
  2499 | Temple   | Entered the Ecumenical Temple
  2642 | Temple   | 2642 ||| PLANNING D:1-11
  2661 | D:4      | 2661 ||| Stepping ~*~*~tactically~*~*~ (stealth).
  2679 | D:4      | HP: 7/30 [gnoll/+0 club (3)]
  2680 | D:4      | HP: 1/30 [gnoll/+0 club (6)]
  2682 | D:4      | Reached skill level 6 in Axes
  2682 | D:4      | Slain by a gnoll

Levels and vault maps discovered:
D:1:      amcnicky_arrival_single_pillar, layout_loops_ring, chequers_arboretum,
          corexii_corridor_pit, roderic_st_hans_cross
D:2:      layout_rooms, ebering_ecumenical_altar_petrified, grunt_ministairs_12,
          uniq_terence
D:3:      minmay_chambers_of_twos, layout_basic, makhleb_altar_promises_db
D:4:      layout_basic, overflow_temple_1_default
D:5:      layout_loops_corners, tso_oasis_becter,
          minmay_temple_entry_butterflies, kennysheep_boxes, uniq_ijyb,
          uniq_duvessa, uniq_blork_the_orc
Temple:   hellmonk_temple_flake

Skill      XL: |  1  2  3  4  5 |
---------------+----------------+-----
Axes           | 3 4 5 6 |  6.0
Fighting       | |  2.0
Throwing       | |  1.0
Armour         | |  1.1
Dodging        | |  2.1
Spellcasting   | |  2.0
Translocations | |  2.4

Action                   |  1- 3 |  4- 6 || total
-------------------------+-------+-------++-------
Melee: Hand axe          |    57 |    75 ||   132
       Kick              |    13 |    15 ||    28
       Peck              |     9 |    16 ||    25
       Punch             |     1 |       ||     1
Throw: Boomerang         |     7 |       ||     7
  Use: Scroll            |     3 |     2 ||     5
       Potion            |     1 |     2 ||     3
Armor: Leather armour    |     8 |       ||     8
       Ring mail         |     6 |    14 ||    20
       Chain mail        |       |    17 ||    17
Dodge: Dodged            |    30 |    23 ||    53

Table legend:
 A = Non-vault XP
 B = Vault XP
 C = Vault XP percentage of total XP
 D = Non-vault monster count
 E = Vault monster count
 F = Vault count percentage of total count
                 A         B        C        D         E       F
            +---------+---------+-------+---------+---------+-------
      Total |     163 |      63 |  27.9 |      53 |       3 |   5.4
            +---------+---------+-------+---------+---------+-------
        D:1 |      34 |      14 |  29.2 |      20 |       1 |   4.8
        D:2 |      66 |      49 |  42.6 |      26 |       2 |   7.1
        D:3 |      14 |       0 |   0.0 |       1 |       0 |   0.0
        D:4 |      47 |       0 |   0.0 |       5 |       0 |   0.0
        D:5 |       2 |       0 |   0.0 |       1 |       0 |   0.0
            +---------+---------+-------+---------+---------+-------
